 Dungeon Crawl Stone Soup version 0.25.1-8-g42b30a86e7 (webtiles) character file.

Game seed: 10298707005112837450

63 DuloT34 the Ducker (level 4, 0/34 HPs)
             Began as a Merfolk Gladiator on Dec 19, 2020.
             Slain by Natasha (4 damage)
             ... on level 2 of the Dungeon on Dec 20, 2020.
             The game lasted 00:05:32 (2037 turns).

DuloT34 the Ducker (Merfolk Gladiator)              Turns: 2037, Time: 00:05:33

Health: 0/34       AC:  5    Str: 14    XL:     4   Next: 10%
Magic:  4/4        EV: 15    Int:  7    God:
Gold:   63         SH:  0    Dex: 16    Spells: 3/3 levels left

rFire    . . .     SeeInvis .   a - +0 trident
rCold    . . .     Gourm    .   (no shield)
rNeg     . . .     Faith    .   b - +0 leather armour
rPois    .         Spirit   .   c - +0 helmet
rElec    .         Reflect  .   i - +0 cloak
rCorr    .         Harm     .   (no gloves)
MR       .....                  (no boots)
Stlth    ++........             (no amulet)
HPRegen  0.11/turn              (no ring)
MPRegen  0.09/turn              (no ring)

@: slowed, very slow
A: change form in water, swift swim, stealthy swim
a: no special abilities


You were on level 2 of the Dungeon.
You were not hungry.

You visited 1 branch of the dungeon, and saw 2 of its levels.

You collected 63 gold pieces.

Inventory:

Hand Weapons
 a - a +0 trident (weapon)
Missiles
 d - 3 throwing nets (quivered)
Armour
 b - a +0 leather armour (worn)
 c - a +0 helmet (worn)
 i - a +0 cloak (worn)
Scrolls
 e - a scroll of remove curse
Potions
 h - a potion of degeneration
 j - a potion of curing {unknown}
 k - a potion of ambrosia {unknown}
 l - a potion of mutation {unknown}
 m - 2 potions of heal wounds {unknown}
Comestibles
 f - 4 rations
 g - 2 chunks of flesh


   Skills:
 + Level 2.9 Fighting
 - Level 4.6 Polearms
 - Level 2.0 Throwing
 + Level 5.6 Dodging
 + Level 1.0 Stealth


You had 3 spell levels left.
You didn't know any spells.
Your spell library was empty.

Dungeon Overview and Level Annotations

Branches:
Dungeon (2/15)

Altars:
Kikubaaqudgha

Annotations:
D:2 Natasha


Message History

You hit Natasha.
Natasha is heavily wounded.
Natasha misses you.
You hit Natasha.
Natasha is severely wounded.
Natasha closely misses you. Natasha barely misses you.
You completely miss Natasha.
Natasha is severely wounded.
Natasha claws you!
Natasha stares at you and mumbles some strange words.
The magic dart hits you!
* * * LOW HITPOINT WARNING * * *
You barely miss Natasha.
Natasha is severely wounded.
Natasha stares at you and mumbles some strange words.
The magic dart hits you but does no damage.
You closely miss Natasha.
Natasha is severely wounded.
Natasha claws you.
You die...

..# #.......#
##........####.. ..#
#...[....#..... ..###
#....#+###..... ....#
###.... #.....#....##
..#.... ##...[.+.....#
..#.... #......#.....#
..##..# #......h..<#
..##..# #......@####.#
......# .........>...#
..##.########....######
..................#####.
.....####...###.........
#....##.....# #..)......
#....##.....# #.........
#....##.....# #.......##
#....##...### #.......#


You could see Natasha.

Vanquished Creatures
  Robin (D:2)
  An adder (D:2)
  2 worms (D:2)
  A dart slug (D:2)
  A leopard gecko (D:1)
  A giant cockroach (D:1)
  13 goblins
  2 hobgoblins
  3 bats
  A frilled lizard (D:2)
  5 kobolds
  2 rats (D:1)
33 creatures vanquished.

Notes
Turn   | Place    | Note
-------+----------+-------------------------------------------
     0 | D:1      | DuloT34 the Merfolk Gladiator began the quest for the Orb.
     0 | D:1      | Reached XP level 1. HP: 16/16 MP: 1/1
   331 | D:1      | Reached XP level 2. HP: 22/22 MP: 2/2
  1059 | D:2      | Reached skill level 5 in Dodging
  1386 | D:2      | Reached XP level 3. HP: 21/28 MP: 3/3
  1593 | D:2      | Found an ancient bone altar of Kikubaaqudgha.
  1827 | D:2      | Noticed Robin
  1840 | D:2      | Killed Robin
  1842 | D:2      | Reached XP level 4. HP: 26/34 MP: 4/4
  1856 | D:2      | Reached skill level 1 in Stealth
  2015 | D:2      | Noticed Natasha
  2037 | D:2      | Slain by Natasha

Illustrated notes

Levels and vault maps discovered:
D:1:      dpeg_arrival_chambers_temple_mockup, layout_rooms,
          kennysheep_pointless_box
D:2:      layout_basic, lemuel_crystal_altar, uniq_robin, uniq_natasha

Skill      XL: |  1  2  3  4 |
---------------+-------------+-----
Dodging        | 5 |  5.6
Stealth        | 1 |  1.0
Fighting       | |  2.9
Polearms       | |  4.6
Throwing       | |  2.0

Action                   |  1- 3 |  4- 6 || total
-------------------------+-------+-------++-------
Melee: Trident           |   122 |    35 ||   157
  Use: Scroll            |     2 |       ||     2
 Stab: Sleeping          |     1 |       ||     1
  Eat: Ration            |     1 |       ||     1
Armor: Leather armour    |    17 |     6 ||    23
Dodge: Dodged            |    67 |    21 ||    88
